 Dungeon Crawl Stone Soup version 0.30-a0-920-g7493c07aab (webtiles) character file.

Game seed: 3012962558533742141

1477 bande the Chopper (level 8, 0/50 HPs)
             Began as a Gargoyle Fighter on Mar 22, 2023.
             Was a Believer of Okawaru.
             Slain by an orc warrior
             ... wielding a +0 hand axe
              (2 damage)
             ... on level 5 of the Dungeon.
             The game lasted 00:09:19 (5721 turns).

bande the Chopper (Gargoyle Fighter)                Turns: 5721, Time: 00:09:19

Health: 0/50       AC: 18    Str: 19 (20) XL:     8   Next: 79%
Magic:  0/10       EV:  5    Int:  7 (9)  God:    Okawaru [**....]
Gold:   160        SH:  4    Dex: 10 (11) Spells: 7/7 levels left

rFire   . . .      SeeInvis .    a - +0 war axe
rCold   . . .      Faith    .    c - +0 buckler
rNeg    + . .      Spirit   +    y - +0 plate armour
rPois   ∞          Reflect  .    (no helmet)
rElec   +          Rampage  .    (no cloak)
rCorr   .          Rnd*Tele +    (no gloves)
Will    .....                    (no boots) Stlth
                                 o - amulet of guardian spirit
HPRegen 0.28/turn                q - ring of flight
MPRegen 0.12/turn                (no ring)

@: attractive, flying
A: sickness immunity, AC +5, negative energy resistance 1, electricity
resistance, torment resistance 1, petrification resistance, teleportitis 1,
inability to read after injury 1, MP-powered wands
a: Renounce Religion, Heroism


You were on level 5 of the Dungeon.
You worshipped Okawaru.
Okawaru was pleased with you.
You visited 2 branches of the dungeon, and saw 6 of its levels.

You collected 160 gold pieces.

Inventory:

Hand Weapons
 a - a +0 war axe (weapon)
 l - a +0 flail
Armour
 c - a +0 buckler (worn)
 y - a +0 plate armour (worn)
Jewellery
 o - an amulet of guardian spirit (around neck)
 q - a ring of flight (left hand)
Wands
 n - a wand of flame (72)
Scrolls
 b - a scroll of torment {unknown}
 e - a scroll of vulnerability {unknown}
 f - a scroll of enchant armour {unknown}
 g - 5 scrolls of teleportation {unknown}
 j - 8 scrolls of identify {unknown}
 k - 2 scrolls of fog {unknown}
 m - a scroll of blinking {unknown}
 p - a scroll of fear {unknown}
 t - a scroll of summoning {unknown}
 u - a scroll of amnesia {unknown}
Potions
 d - a potion of might
 i - a potion of haste
 w - a potion of brilliance {unknown}
 x - a potion of mutation


   Skills:
 + Level 5.5 Fighting
 + Level 6.3 Axes
 + Level 5.6 Armour
 - Level 0.2 Dodging
 + Level 4.7 Shields
 * Level 3.1 Invocations
 * Level 2.9 Evocations


You had 7 spell levels left.
You didn't know any spells.
Your spell library was empty.

Dungeon Overview and Level Annotations

Branches:
Dungeon (5/15)             Temple (1/1) D:4

Altars:
Dithmenos
Fedhas
Gozag
Hepliaklqana
Nemelex Xobeh
Okawaru
Qazlal
Ru
Sif Muna
Vehumet
Wu Jian
Xom
Yredelemnul
The Shining One

Shops:
D:5 (

Annotations:
D:5 exclusion: oklob plant
Temple 2 transporters


Innate Abilities, Weirdness & Mutations

You are immune to sickness and miasma.
Your stone body is resilient. (AC +5)
You are immune to poison.
You resist negative energy. (rN+)
You are resistant to electric shocks. (rElec)
You are resistant to unholy torment.
You are immune to petrification.
You are occasionally teleported next to monsters.
You occasionally lose the ability to read scrolls when taking damage.
You expend magic power (3 MP) to strengthen your wands.


Message History

You closely miss the orc warrior. You block the orc's attack.
The orc warrior closely misses you.
The orc warrior hits you with a +0 hand axe.
You closely miss the orc warrior.
You hit the orc warrior but do no damage.
You slash the orc!
You kill the orc!
Okawaru accepts your kill. You block the orc warrior's attack.
The orc warrior hits you with a +0 flail!
You feel threatened and lose the ability to read scrolls!
* * * LOW HITPOINT WARNING * * *
You hit the orc warrior but do no damage.
You hit the orc warrior.
The orc warrior hits you but does no damage.
The orc warrior hits you with a +0 flail.
* * * LOW HITPOINT WARNING * * *
You hit the orc warrior but do no damage.
You barely miss the orc warrior.
The orc warrior hits you with a +0 hand axe.
* * * LOW HITPOINT WARNING * * *
The orc warrior hits you with a +0 flail!
* * * LOW HITPOINT WARNING * * *
The orc warrior barely misses you. You block the orc warrior's attack.
It was a potion of curing.
You feel better.
You can read scrolls again.
The orc warrior hits you but does no damage.
The orc warrior hits you with a +0 flail!
You feel threatened and lose the ability to read scrolls!
* * * LOW HITPOINT WARNING * * *
It was a potion of attraction.
You feel attractive to monsters.
You can read scrolls again.
You block the orc warrior's attack.
The orc warrior hits you but does no damage.
It was a potion of degeneration.
There was something very wrong with that liquid.
You feel weakened.
You feel dopey.
You feel clumsy.
The orc warrior hits you with a +0 hand axe.
You die...

# #.# ##.......###..###......
##### #.# #.......# #...≈.....÷.
....# #.# #.......###..§.§......
###.###'####[..........≈..§≈.....
....##.....#..........≈.§∩..≈..##
....##.....#...........≈...≈...##
....#.....)'............≈.≈......
....#......#.)..)o.......≈......#
....#......#..).@o..............#
....#...)..##'###)#[............#
....'..).)[#......#.)...........#
....#......#..#####'####.........
#####......#..# #...# #.........
#..[.[<#..# #8...8##.........
#......'..# #..o..##.....†...
#####......##.# ...oo..#.....#...
...........'..##.8oo.8.#######...


You could see 2 orc warriors.

Vanquished Creatures
  Sigmund (D:3)
  Menkaure (D:4)
  2 water moccasins (D:5)
  An orc warrior (D:5)
  2 ogres
  A scorpion (D:5)
  3 hounds (D:5)
  An orc priest (D:4)
  2 gnoll boudas
  A sleepcap (D:5)
  2 iguanas (D:5)
  4 orc wizards
  8 adders
  10 gnolls
  A dart slug (D:5)
  25 orcs
  8 ball pythons
  6 endoplasms
  6 giant cockroaches
  5 goblins
  6 hobgoblins
  4 jackals (D:2)
  7 kobolds
  2 quokkas
  4 bats
  A frilled lizard (D:2)
  8 rats
122 creatures vanquished.

Vanquished Creatures (others)
  10 toadstools (D:5)
10 creatures vanquished.

Grand Total: 132 creatures vanquished

Notes
Turn   | Place    | Note
-------+----------+-------------------------------------------
     0 | D:1      | bande the Gargoyle Fighter began the quest for the Orb.
     0 | D:1      | Reached XP level 1. HP: 14/14 MP: 1/1
   141 | D:1      | Reached XP level 2. HP: 18/19 MP: 2/2
   791 | D:2      | Reached skill level 2 in Axes
   791 | D:2      | Reached XP level 3. HP: 22/24 MP: 3/3
  1328 | D:2      | Reached XP level 4. HP: 26/29 MP: 4/4
  1854 | D:3      | Noticed Sigmund
  1861 | D:3      | Killed Sigmund
  1862 | D:3      | Reached skill level 3 in Axes
  1862 | D:3      | Reached XP level 5. HP: 33/33 MP: 5/5
  1862 | D:3      | Reached XP level 6. HP: 38/38 MP: 6/6
  2070 | D:3      | Reached skill level 4 in Axes
  2206 | D:3      | Gained mutation: You are occasionally teleported next to
                  | monsters. [potion of mutation]
  2206 | D:3      | Gained mutation: You occasionally lose the ability to read
                  | scrolls when taking damage. [potion of mutation]
  2206 | D:3      | Gained mutation: You expend magic power (3 MP) to
                  | strengthen your wands. [potion of mutation]
  2252 | D:3      | HP: 1/39 [something (2)]
  2620 | D:4      | Found a staircase to the Ecumenical Temple.
  2696 | Temple   | Entered the Ecumenical Temple
  2696 | Temple   | Found a transporter.
  2696 | Temple   | Found a transporter.
  2698 | Temple   | Found a transporter.
  2698 | Temple   | Found a transporter.
  2714 | Temple   | Became a worshipper of Warmaster Okawaru
  2743 | D:4      | Reached skill level 1 in Evocations
  2743 | D:4      | Reached XP level 7. HP: 33/44 MP: 4/7
  2860 | D:4      | Noticed Menkaure
  2874 | D:4      | Killed Menkaure
  2875 | D:4      | Reached skill level 5 in Axes
  2875 | D:4      | Reached skill level 1 in Invocations
  3061 | D:4      | HP: 1/44 [gnoll/+0 halberd[a gnoll bouda] (6)]
  3492 | D:3      | Reached * piety under Okawaru
  4141 | D:5      | Entered Level 5 of the Dungeon
  4245 | D:5      | Found an ornate altar of the Wu Jian Council.
  4287 | D:5      | Found Otriz's Weapon Boutique.
  4293 | D:5      | Reached skill level 5 in Armour
  4295 | D:5      | Reached XP level 8. HP: 45/48 MP: 6/9
  4321 | D:5      | Found a runed translucent door.
  4333 | D:5      | Reached skill level 5 in Fighting
  4962 | D:5      | Reached skill level 6 in Axes
  5033 | D:5      | Found a blossoming altar of Fedhas.
  5058 | D:5      | Noticed an oklob plant
  5666 | D:5      | Reached ** piety under Okawaru
  5719 | D:5      | HP: 1/50 [orc warrior/+0 flail (9)]
  5721 | D:5      | Slain by an orc warrior

Illustrated notes

Levels and vault maps discovered:
D:1:      denvon_arrival_waterhouse, layout_loops_ring, minmay_domino_4
D:2:      layout_basic
D:3:      layout_basic, uniq_sigmund
D:4:      layout_cave_pools, temple_fountains, sigmund_army, uniq_menkaure
D:5:      layout_basic, lemuel_doored_altar, tgw_fedhas, serial_shops,
          nicolae_diamond_shop, lightli_church_of_beogh
Temple:   hellmonk_temple_divided_pantheon

Skill      XL: |  1  2  3  4  5  6  7  8 |
---------------+-------------------------+-----
Axes           | 2 3 4 5 6 |  6.3
Fighting       | 4 5 |  5.5
Armour         | 4 5 |  5.6
Shields        | 4 |  4.7
Evocations     | 1 2 |  2.9
Invocations    | 2 3 |  3.1
Dodging        | |  0.2

Action                     |  1- 3 |  4- 6 |  7- 9 || total
---------------------------+-------+-------+-------++-------
  Melee: War axe           |    79 |   112 |   263 ||   454
    Use: Potion            |       |     3 |     3 ||     6
 Armour: Scale mail        |    57 |    69 |       ||   126
         Skin              |       |    18 |       ||    18
         Chain mail        |       |     4 |   199 ||   203
         Plate armour      |       |       |    19 ||    19
  Dodge: Dodged            |    38 |    44 |   119 ||   201
  Block: Buckler           |    19 |    32 |    76 ||   127

Table legend: (Time is in decaauts)
 A = Elapsed time spent in this place.
 B = Non-inter-level travel time spent in this place.
 C = Inter-level travel time spent in this place.
 D = Time resting spent in this place.
 E = Time spent auto-exploring this place.
 F = Levels seen in this place.
 G = Mean time per level.
                   A        B        C        D        E       F      G
               +--------+--------+--------+--------+--------+-----+--------+
         Total |   5862 |   5773 |     89 |   1833 |   2667 |   6 |  977.0 |
       Dungeon |   5739 |   5650 |     89 |   1773 |   2667 |   5 | 1147.8 |
        Temple |    123 |    123 |      0 |     60 |      0 |   1 |  123.0 |
               +--------+--------+--------+--------+--------+-----+--------+

Top non-repeatable levels by time:
     D:3: 1353 daAuts
     D:4: 1322 daAuts
     D:5: 1185 daAuts
     D:2: 1078 daAuts
     D:1: 799 daAuts
  Temple: 123 daAuts
